 Dungeon Crawl Stone Soup version 0.22.1-1-ga44c0e5 (webtiles) character file.

99514 Lavandula the Executioner (level 15, -11/140 HPs)
             Began as a Centaur Berserker on Nov 7, 2018.
             Was an Elder of Trog.
             Hit by a javelin thrown by a merfolk javelineer (17 damage)
             ... on level 4 of the Shoals.
             The game lasted 01:25:57 (12325 turns).

Lavandula the Executioner (Centaur Berserker)      Turns: 12325, Time: 01:25:58

Health: -11/140    AC: 24    Str: 25    XL:     15   Next: 77%
Magic:  5/5        EV: 17    Int:  8    God:    Trog [****..]
Gold:   582        SH:  0    Dex: 15    Spells: 14/14 levels left

rFire    + . .     SeeInvis .   Y - +3 broad axe (antimagic)
rCold    . . .     Gourm    .   (no shield)
rNeg     + . .     Faith    .   x - +2 scale mail {rF+}
rPois    .         Spirit   .   J - +2 helmet
rElec    .         Reflect  .   K - +2 cloak
rCorr    .         Harm     .   p - +2 pair of gloves
MR       ++...     Clarity  +   (no barding)
Stlth    +.........             n - amulet of regeneration
HPRegen  0.73/turn              t - ring of positive energy
MPRegen  0.09/turn              V - ring of protection from magic

@: agile, lethally poisoned (-11 -> -11), berserk cooldown, very slightly
contaminated, slowed
A: large, hooves 3, icy blue scales 1, yellow scales 1, clarity, clever 1,
deformed body, speed 2, robust 1, tough skin 3
a: Berserk, Trog's Hand, Brothers in Arms, Renounce Religion


You were on level 4 of the Shoals.
You worshipped Trog.
Trog was greatly pleased with you.
You were very hungry.

You visited 4 branches of the dungeon, and saw 25 of its levels.
You also visited: Ossuary.

You collected 2241 gold pieces.
You spent 1659 gold pieces at shops.

Inventory:

Hand Weapons
 k - a +1 trident of protection
 L - a +3 antimagic executioner's axe
 Y - a +3 antimagic broad axe (weapon)
Missiles
 g - 18 javelins of penetration (quivered)
 G - 2 throwing nets
Armour
 p - a +2 pair of gloves (worn)
 x - a +2 scale mail of fire resistance (worn)
 J - a +2 helmet (worn)
 K - a +2 cloak (worn)
 N - a +1 leather armour of magic resistance
 P - a +0 troll leather armour
 W - a +1 leather armour of positive energy
Jewellery
 h - an uncursed ring of wizardry
 n - an amulet of regeneration (around neck)
 t - a ring of positive energy (left hand)
 M - an uncursed amulet of rage
 U - an uncursed amulet of the gourmand {unknown}
 V - a ring of protection from magic (right hand)
Wands
 a - a wand of random effects (75)
 o - a wand of paralysis (13)
 v - a wand of clouds (2)
 B - a wand of enslavement (20)
 F - a wand of iceblast (13)
 O - a wand of digging (15)
 Q - a wand of disintegration (9)
 Z - a wand of acid (9)
Scrolls
 e - 8 scrolls of magic mapping
 f - 4 scrolls of blinking
 j - 9 scrolls of remove curse
 m - a scroll of immolation
 q - 2 scrolls of brand weapon
 w - 8 scrolls of teleportation
 y - a scroll of holy word
 A - a scroll of silence
 I - a scroll of enchant armour
Potions
 b - a potion of flight {unknown}
 d - 4 potions of might
 i - 8 potions of lignification
 l - 3 potions of cancellation
 r - a potion of heal wounds
 s - 4 potions of agility
 u - 12 potions of curing
 z - a potion of berserk rage {unknown}
 C - 3 potions of haste
 D - 2 potions of invisibility {unknown}
 E - 3 potions of brilliance {unknown}
 S - a potion of resistance {unknown}
 T - a potion of magic {unknown}
 X - 3 potions of mutation
Comestibles
 c - 21 rations
 H - 2 chunks of flesh


   Skills:
 - Level 10.8 Fighting
 + Level 21.0 Axes
 - Level 7.5 Armour
 - Level 7.6 Dodging


You had 14 spell levels left.
You didn't know any spells.
Your spell library contained the following spells:

 Spells                   Type           Power        Failure   Level  Hunger
 Animate Skeleton         Necr           N/A          67%         1    ##.....
 Apportation              Tloc           #.....       67%         1    ##.....
 Confusing Touch          Hex            #.....       67%         1    ##.....
 Corona                   Hex            #......      67%         1    ##.....
 Freeze                   Ice            #...         67%         1    ##.....
 Magic Dart               Conj           #...         67%         1    ##.....
 Sandblast                Erth           #.....       67%         1    ##.....
 Summon Butterflies       Summ           #.......     67%         1    ##.....
 Summon Small Mammal      Summ           #...         67%         1    ##.....
 Passwall                 Tmut/Erth      #.......     80%         2    ###....
 Searing Ray              Conj           #.....       80%         2    ###....
 Slow                     Hex            #.......     80%         2    ###....
 Throw Frost              Conj/Ice       #.....       80%         2    ###....
 Call Canine Familiar     Summ           #.......     95%         3    ####...
 Dazzling Spray           Conj/Hex       #.....       95%         3    ####...
 Inner Flame              Hex/Fire       #.......     95%         3    ####...
 Ozocubu's Armour         Chrm/Ice       #.......     95%         3    ####...
 Portal Projectile        Hex/Tloc       #.....       95%         3    ####...
 Stone Arrow              Conj/Erth      #.....       95%         3    ####...
 Cause Fear               Hex            #.........   100%        4    #####..
 Force Lance              Conj/Tloc      #.......     100%        4    #####..
 Fulminant Prism          Conj/Hex       #.........   100%        4    #####..
 Iskenderun's Mystic Bla  Conj           #.......     100%        4    #####..
 Leda's Liquefaction      Hex/Erth       #.........   100%        4    #####..
 Petrify                  Tmut/Erth      #.......     100%        4    #####..
 Summon Ice Beast         Ice/Summ       #.......     100%        4    #####..
 Throw Icicle             Conj/Ice       #.......     100%        4    #####..
 Lee's Rapid Deconstruct  Erth           #.........   100%        5    ######.
 Summon Mana Viper        Hex/Summ       #.......     100%        5    ######.
 Summon Hydra             Summ           #.........   100%        7    #######


Dungeon Overview and Level Annotations

Branches:
Dungeon (13/15)            Temple (0/1) D:7            Lair (6/6) D:11
 Shoals (4/4) Lair:2       Spider (0/4) Lair:2          Orc (2/2) D:12
    Elf (0/3) Orc:2
  Slime: Lair:5-6    Vaults: D:13-14

Altars:
Cheibriados
Dithmenos
Elyvilon
Hepliaklqana
Makhleb
Trog
Uskayaw
Beogh

Shops:
Orc:2 %:(!*   Shoals:4 *

Portals:
Pandemonium: Orc:2

Annotations:
D:7 temple
Lair:2 shoals
Shoals:2 Ilsuiw


Innate Abilities, Weirdness & Mutations

You have hooves in place of feet.
Armour fits poorly on your strangely shaped body.
You cover ground very quickly.
You have extremely tough skin. (AC +3)
You are partially covered in icy blue scales. (AC +2)
You are partially covered in yellow scales. (AC +2)
You possess an exceptional clarity of mind.
Your mind is acute. (Int +2)
You are robust. (+10% HP)


Message History

Press: ? - help, Dir - move target cursor You create a blast of poison gas!
The merfolk javelineer is poisoned.
The merfolk javelineer throws a javelin.
The javelin completely misses you.
Unknown command.
Okay, then.
Unknown command.
Okay, then.
Unknown command.
You feel agile all of a sudden.
You feel sick.
The centaur is engulfed in poison gas.
The centaur is poisoned.
The merfolk javelineer looks even sicker.
The merfolk javelineer throws a javelin.
The javelin hits you!!
* * * LOW HITPOINT WARNING * * *
The merfolk javelineer is engulfed in poison gas.
The merfolk javelineer looks even sicker.
The merfolk javelineer throws a javelin.
The javelin hits you!
You die...

#'##≈(.....≈≈≈≈≈≈≈≈≈≈≈≈≈≈≈≈≈≈≈≈≈
..†.........≈≈≈≈≈≈≈≈≈≈≈≈≈≈≈≈≈≈###
.........≈≈≈≈≈≈≈≈....≈≈≈≈≈≈≈≈##..
.........≈≈≈≈≈≈≈≈......(..(≈≈#.^.
..........≈≈≈≈≈≈...§§......≈.#..c
.........≈≈≈≈≈####§§§(....#.(#
.....≈≈≈.≈≈≈≈≈#P.#§§§.....#..##
.......≈≈≈≈≈≈≈#8(mc§...÷..#...###
.......≈≈≈≈≈≈≈#P@#(...)...#...(..
........≈≈≈≈≈≈####.(..(.(.#......
........≈≈≈.............(........
..........................#......
P......(...#####...............m.
..........##≈..##.......).#.m...≈
..........#.(...#.).......#.m..≈≈
.......m..'[()..#(...^...#....≈≈≈
...≈≈≈≈≈≈≈#.(...#.............m≈≈


You could see a merfolk javelineer and a centaur.

Vanquished Creatures
  Rupert (Lair:6)
  The ghost of Paps the Peltast, an adept MiFi of Gozag (Shoals:4)
  A minotaur (Lair:4)
  4 merfolk javelineers
  5 merfolk impalers
  4 hydras
  Erica (D:8)
  2 two-headed ogres
  A merfolk aquamancer (Shoals:4)
  2 catoblepae (Lair:4)
  7 orc high priests (Orc:2)
  2 satyrs (Shoals:3)
  Nergalle (Lair:3)
  14 sea snakes
  The ghost of SeriousVitamin the Destroyer, a novice DEAE of Sif Muna (D:9)
  An infernal demonspawn (Orc:2)
  The ghost of Ymberto the Transmogrifier, a novice OpTm of Gozag (D:7)
  A wizard (D:11)
  An unseen horror (D:10)
  A torturous demonspawn (Orc:2)
  5 orc knights (Orc:2)
  10 harpies
  An ugly thing (D:11)
  9 manticores
  2 wolf spiders (Lair:6)
  5 fauns
  9 orc sorcerers (Orc:2)
  A deep elf mage (D:12)
  11 elephants
  5 merfolk sirens
  9 black mambas
  A smoke demon (Orc:2)
  4 water nymphs
  A guardian serpent (Lair:6)
  9 spiny frogs
  A kobold demonologist (D:13)
  4 rime drakes
  2 komodo dragons
  An ice devil (Orc:2)
  2 wind drakes
  22 merfolk
  3 trolls
  15 blink frogs
  5 dream sheep (Lair:6)
  2 hornets (Lair:6)
  2 hippogriffs
  5 snapping turtles
  9 wyverns
  2 redbacks (Lair:6)
  7 water elementals
  Sigmund (D:5)
  10 yaks
  2 hungry ghosts
  2 basilisks (Lair:6)
  A chaos spawn (Orc:2)
  Menkaure (D:5)
  A warg (Orc:2)
  Duvessa (D:5)
  17 water moccasins
  3 phantoms
  7 porcupines
  2 ice beasts
  29 orc warriors
  2 black bears
  3 sky beasts
  29 wolves
  8 ogres
  7 centaurs
  8 crocodiles
  A big kobold (D:10)
  8 bullfrogs
  A wyvern zombie (D:12)
  3 water moccasin zombies (Ossuary)
  Dowan (D:5)
  3 howler monkeys (D:10)
  4 wights (D:7)
  7 crimson imps
  2 electric eels (Lair:2)
  A bullfrog zombie (D:5)
  A hound (D:12)
  21 orc priests
  2 centaur skeletons
  A jelly (D:5)
  21 orc wizards
  A bullfrog skeleton (D:6)
  4 iguanas
  9 worker ants
  6 big kobold zombies (Ossuary)
  A hound zombie (D:8)
  2 hound skeletons
  2 mummies (Ossuary)
  13 adders
  A shadow imp (D:10)
  6 adder zombies (Ossuary)
  3 worms
  2 dart slugs
  4 leopard geckos
  80 orcs
  5 giant cockroaches
  6 goblins
  12 hobgoblins
  8 kobolds
  6 quokkas
  A ball python (D:3)
  5 bats
  3 frilled lizards
  2 gnoll zombies (Ossuary)
  3 hobgoblin zombies (Ossuary)
  A jackal skeleton (D:4)
  4 kobold zombies (Ossuary)
  7 orc zombies (Ossuary)
  4 rats
  A fungus (Lair:6)
  7 plants
636 creatures vanquished.

Vanquished Creatures (collateral kills)
  The ghost of Folque the Earth Mage, a journeyman DrEE of Sif Muna (Lair:4)
  3 orc high priests (Orc:2)
  A sixfirhy (Orc:2)
  A gelid demonspawn (Orc:2)
  A torturous demonspawn (Orc:2)
  3 fauns (Shoals:3)
  A smoke demon (Orc:2)
  A spiny frog (Lair:6)
  A red devil (Orc:2)
  2 merfolk (Shoals:3)
  A redback (Lair:6)
  4 orc warriors (Orc:2)
  8 orc priests (Orc:2)
  An orc (Orc:2)
  A plant (Lair:6)
30 creatures vanquished.

Vanquished Creatures (others)
  A snapping turtle (Shoals:2)
  A kobold (D:10)
  4 fungi (Lair:6)
  5 plants
11 creatures vanquished.

Grand Total: 677 creatures vanquished

Notes
Turn   | Place    | Note
-------+----------+-------------------------------------------
     0 | D:1      | Lavandula the Centaur Berserker began the quest for the
                  | Orb.
     0 | D:1      | Reached XP level 1. HP: 19/19 MP: 1/1
    64 | D:1      | Reached skill level 3 in Axes
   144 | D:1      | Reached XP level 2. HP: 19/26 MP: 2/2
   579 | D:2      | Reached XP level 3. HP: 26/31 MP: 3/3
   715 | D:2      | Reached ** piety under Trog
   775 | D:2      | Found a white marble altar of Elyvilon.
   790 | D:2      | Reached skill level 4 in Axes
   930 | D:2      | Reached XP level 4. HP: 38/38 MP: 4/4
   983 | D:3      | Found a hide-covered altar of Uskayaw.
  1154 | D:3      | Gained mutation: Scrolls take you a little longer to read.
                  | [potion of mutation]
  1154 | D:3      | Gained mutation: You are partially covered in yellow
                  | scales. (AC +2) [potion of mutation]
  1154 | D:3      | Gained mutation: You possess an exceptional clarity of
                  | mind. [potion of mutation]
  1188 | D:3      | Found a bloodstained altar of Trog.
  1397 | D:3      | Reached skill level 5 in Axes
  1461 | D:4      | Reached XP level 5. HP: 45/45 MP: 5/5
  1491 | D:4      | Noticed an ogre
  1512 | D:4      | Killed an ogre
  1512 | D:4      | Reached skill level 6 in Axes
  1561 | D:5      | Entered Level 5 of the Dungeon
  1593 | D:4      | Found a snail-covered altar of Cheibriados.
  1620 | D:5      | Noticed a sky beast
  1624 | D:5      | Reached XP level 6. HP: 41/51 MP: 6/6
  1633 | D:5      | Killed a sky beast
  1698 | D:5      | Reached skill level 7 in Axes
  1700 | D:5      | Noticed Sigmund
  1716 | D:5      | Killed Sigmund
  1716 | D:5      | Reached XP level 7. HP: 51/57 MP: 7/7
  1792 | D:5      | Reached skill level 8 in Axes
  1997 | D:5      | Reached *** piety under Trog
  2082 | D:5      | Reached skill level 9 in Axes
  2082 | D:5      | Reached XP level 8. HP: 61/63 MP: 8/8
  2085 | D:5      | Found a shadowy altar of Dithmenos.
  2107 | D:5      | Noticed Menkaure
  2116 | D:5      | Killed Menkaure
  2159 | D:5      | Noticed Duvessa
  2166 | D:5      | Noticed Dowan
  2176 | D:5      | Killed Dowan
  2177 | D:5      | Killed Duvessa
  2182 | D:5      | Reached skill level 10 in Axes
  2506 | D:6      | Reached skill level 11 in Axes
  2506 | D:6      | Reached XP level 9. HP: 55/69 MP: 9/9
  2762 | D:7      | Found a sand-covered staircase.
  2771 | Ossuary  | Entered an ossuary
  2812 | Ossuary  | Reached **** piety under Trog
  3031 | D:7      | Reached skill level 12 in Axes
  3046 | D:7      | Found a runed door.
  3054 | D:7      | Noticed Ymberto's ghost (novice OpTm)
  3110 | D:7      | Killed Ymberto's ghost
  3178 | D:7      | Found a burning altar of Makhleb.
  3357 | D:8      | Noticed Erica
  3368 | D:8      | Killed Erica
  3368 | D:8      | Reached XP level 10. HP: 77/77 MP: 10/10
  3377 | D:9      | Noticed a two-headed ogre
  3451 | D:8      | Noticed a two-headed ogre
  3494 | D:8      | Killed a two-headed ogre
  3494 | D:8      | Reached skill level 5 in Dodging
  3778 | D:9      | Killed a two-headed ogre
  3778 | D:9      | Reached skill level 13 in Axes
  3809 | D:9      | Found a runed door.
  3815 | D:9      | Noticed SeriousVitamin's ghost (novice DEAE)
  3851 | D:9      | Killed SeriousVitamin's ghost
  3900 | D:10     | Entered Level 10 of the Dungeon
  4031 | D:9      | Found a hazy altar of Hepliaklqana.
  4258 | D:10     | Killed an unseen horror
  4258 | D:10     | Reached skill level 14 in Axes
  4258 | D:10     | Reached XP level 11. HP: 74/82 MP: 11/11
  4474 | D:10     | Reached ***** piety under Trog
  4615 | D:11     | Noticed a white ugly thing
  4625 | D:11     | Killed a white ugly thing
  4777 | D:12     | Noticed a deep elf mage
  4786 | D:12     | Killed a deep elf mage
  4960 | D:12     | Found a staircase to the Orcish Mines.
  4967 | Orc:1    | Entered Level 1 of the Orcish Mines
  5055 | Orc:1    | Reached skill level 15 in Axes
  5249 | Orc:2    | Entered Level 2 of the Orcish Mines
  5249 | Orc:2    | Found a roughly hewn altar of Beogh.
  5372 | Orc:2    | Found a staircase to the Elven Halls.
  5373 | Orc:2    | Noticed an orc high priest
  5418 | Orc:2    | Killed an orc high priest
  5510 | Orc:2    | Noticed an orc sorcerer
  5555 | Orc:2    | Killed an orc sorcerer
  5634 | Orc:2    | Received a gift from Trog
  5693 | Orc:2    | Found Mahuipeu's Food Shoppe.
  5744 | Orc:2    | Found Hikerem's General Store.
  5744 | Orc:2    | Noticed an orc knight
  5774 | Orc:2    | Killed an orc knight
  5809 | Orc:2    | Noticed a sixfirhy
  5821 | Orc:2    | Found Silotus's Distillery.
  5838 | Orc:2    | Killed a sixfirhy
  5839 | Orc:2    | Reached skill level 16 in Axes
  6029 | Orc:2    | Bought a potion of degeneration for 11 gold pieces
  6048 | Orc:2    | Reached XP level 12. HP: 91/91 MP: 12/12
  6060 | Orc:2    | Noticed an orc high priest
  6072 | Orc:2    | Killed an orc high priest
  6104 | Orc:2    | Reached skill level 5 in Fighting
  6247 | Orc:2    | Noticed an orc high priest
  6263 | Orc:2    | Killed an orc high priest
  6264 | Orc:2    | Noticed an orc high priest
  6264 | Orc:2    | Noticed an orc high priest
  6275 | Orc:2    | Killed an orc high priest
  6281 | Orc:2    | Killed an orc high priest
  6470 | Orc:2    | Noticed an orc high priest
  6488 | Orc:2    | Killed an orc high priest
  6525 | Orc:2    | Noticed an orc high priest
  6525 | Orc:2    | Noticed an orc high priest
  6525 | Orc:2    | Noticed an orc high priest
  6528 | Orc:2    | Killed an orc high priest
  6534 | Orc:2    | Killed an orc high priest
  6534 | Orc:2    | Killed an orc high priest
  6584 | Orc:2    | Paralysed by an orc sorcerer for 3 turns
  6647 | Orc:2    | Reached skill level 5 in Armour
  6686 | Orc:2    | Found Qeesmez's Book Shoppe.
  6686 | Orc:2    | Found a one-way gate leading to the halls of Pandemonium.
  6686 | Orc:2    | Found Gucos's Antique Weapon Emporium.
  6690 | Orc:2    | hm
  6719 | Orc:2    | Bought a potion of haste for 110 gold pieces
  6719 | Orc:2    | Bought a potion of mutation for 88 gold pieces
  6719 | Orc:2    | Lost mutation: Scrolls take you a little longer to read.
                  | [potion of mutation]
  6719 | Orc:2    | Gained mutation: You are robust. (+10% HP) [potion of
                  | mutation]
  6719 | Orc:2    | Gained mutation: Your mind is acute. (Int +2) [potion of
                  | mutation]
  6719 | Orc:2    | Gained mutation: You are partially covered in icy blue
                  | scales. (AC +2) [potion of mutation]
  6722 | Orc:2    | Bought a scroll of random uselessness for 15 gold pieces
  6807 | Orc:2    | Noticed an orc high priest
  6829 | Orc:2    | Killed an orc high priest
  6868 | Orc:2    | Paralysed by an orc sorcerer for 2 turns
  6896 | Orc:2    | Paralysed by an orc sorcerer for 2 turns
  6942 | Orc:2    | Reached XP level 13. HP: 122/122 MP: 13/13
  7132 | Orc:2    | Reached skill level 10 in Fighting
  7377 | D:11     | Found a staircase to the Lair.
  7381 | Lair:1   | Entered Level 1 of the Lair of Beasts
  7828 | Orc:2    | Bought a manual of Axes for 1435 gold pieces
  7926 | D:12     | Got a translucent whip
  8016 | Lair:2   | Found a hole to the Spider Nest.
  8182 | Lair:3   | Reached skill level 17 in Axes
  8323 | Lair:4   | Noticed a minotaur
  8340 | Lair:4   | Noticed Folque's ghost (journeyman DrEE)
  8360 | Lair:4   | Found a runed gate.
  8360 | Lair:4   | Found a runed gate.
  8360 | Lair:4   | Found a runed gate.
  8382 | Lair:4   | Received a gift from Trog
  8386 | Lair:4   | Killed a minotaur
  8400 | Lair:4   | Killed Folque's ghost
  8437 | Lair:4   | Reached skill level 18 in Axes
  8803 | Lair:5   | Received a gift from Trog
  8809 | Lair:5   | Reached skill level 19 in Axes
  8847 | Lair:5   | Reached XP level 14. HP: 106/133 MP: 4/14
  8852 | Lair:6   | Entered Level 6 of the Lair of Beasts
  9508 | Lair:6   | Noticed Rupert
  9523 | Lair:6   | Killed Rupert
  9523 | Lair:6   | Reached skill level 20 in Axes
  9844 | Lair:3   | Noticed Nergalle
  9859 | Lair:3   | Killed Nergalle
  9987 | Lair:2   | Found a staircase to the Shoals.
 10028 | Shoals:1 | Entered Level 1 of the Shoals
 10846 | Shoals:3 | Reached XP level 15. HP: 140/140 MP: 5/15
 10988 | Shoals:2 | Noticed Ilsuiw
 11025 | Shoals:4 | Entered Level 4 of the Shoals
 11246 | Shoals:3 | Received a gift from Trog
 11619 | Shoals:4 | Found a runed door.
 11619 | Shoals:4 | Noticed Paps's ghost (adept MiFi)
 11659 | Shoals:4 | Killed Paps's ghost
 11763 | Shoals:4 | Found Xenkiuc's General Store.
 12243 | Shoals:4 | Reached skill level 21 in Axes
 12308 | Shoals:4 | HP: 7/140 [merfolk javelineer/javelin (5)]
 12325 | Shoals:4 | HP: 6/140 [merfolk javelineer/javelin (21)]
 12325 | Shoals:4 | Hit by a javelin thrown by a merfolk javelineer

Skill      XL: |  1  2  3  4  5  6  7  8  9 10 11 12 13 14 15 |
---------------+----------------------------------------------+-----
Axes           | 3 4 5 6 7 9 11 12 14 16 19 20 21 | 21.0
Dodging        | 4 5 6 7 |  7.6
Fighting       | 4 9 10 | 10.8
Armour         | 5 7 |  7.5

Action                   |  1- 3 |  4- 6 |  7- 9 | 10-12 | 13-15 || total
-------------------------+-------+-------+-------+-------+-------++-------
Melee: Hand axe          |    99 |    36 |   292 |   399 |       ||   826
       Kick              |    17 |    16 |    77 |   176 |   318 ||   604
       Trident           |       |    69 |    18 |       |    19 ||   106
       War axe           |       |       |       |   251 |   119 ||   370
       Broad axe         |       |       |       |       |   855 ||   855
       Executioner's axe |       |       |       |       |     5 ||     5
Throw: Javelin           |       |       |       |     4 |     4 ||     8
Invok: Berserk           |     4 |     2 |     8 |    22 |    24 ||    60
       Trog's Hand       |     1 |     1 |     2 |    20 |    30 ||    54
       Brothers in Arms  |       |       |       |     4 |     4 ||     8
Evoke: Wand              |       |       |       |       |     8 ||     8
  Use: Scroll            |       |     9 |     4 |     6 |    16 ||    35
       Potion            |       |     1 |       |     1 |     6 ||     8
 Stab: Distracted        |       |       |       |     1 |       ||     1
       Petrifying        |       |       |       |       |     1 ||     1
  Eat: Chunk             |     2 |     6 |    10 |    31 |    38 ||    87
       Ration            |       |       |     1 |     3 |     4 ||     8
Armor: Animal skin       |    21 |       |       |       |       ||    21
       Ring mail         |    10 |    38 |    23 |       |       ||    71
       Skin              |     1 |       |       |       |       ||     1
       Scale mail        |       |       |    98 |   221 |   516 ||   835
       Troll leather arm |       |       |       |       |     2 ||     2
       Leather armour    |       |       |       |       |     1 ||     1
Dodge: Dodged            |    55 |    36 |    74 |   199 |   437 ||   801
